 Dungeon Crawl Stone Soup version 0.25-a0-316-gd28d56f9c5 (webtiles) character file.

Game seed: 4831003019807228558, levelgen mode: deterministic

187035 Glalom the Executioner (level 17, -5/156 HPs)
             Began as a Minotaur Berserker on Dec 23, 2019.
             Was a High Priest of Trog.
             Splashed by a deep elf sorcerer's acid (14 damage)
             ... on level 3 of the Elven Halls on Dec 24, 2019.
             The game lasted 01:41:27 (29421 turns).

Glalom the Executioner (Minotaur Berserker)        Turns: 29421, Time: 01:41:30

Health: -5/156     AC: 19    Str: 26    XL:     17   Next: 86%
Magic:  20/20      EV: 15    Int:  5    God:    Trog [*****.]
Gold:   2470       SH:  0    Dex: 12    Spells: 16/16 levels left

rFire    . . .     SeeInvis .   a - +4 executioner's axe (chop)
rCold    + . .     Gourm    .   (shield currently unavailable)
rNeg     . . .     Faith    .   R - +1 plate armour {MR+}
rPois    .         Spirit   .   H - +2 hat {MR+}
rElec    .         Reflect  .   (no cloak)
rCorr    .         Harm     .   B - +2 pair of gloves
MR       +++++                  k - +0 pair of boots
Stlth    ..........             m - amulet of regeneration
HPRegen  1.76/turn              Z - ring of protection from cold
MPRegen  0.17/turn              Y - +2 ring of protection

@: about to teleport, corroded, berserk cooldown, regenerating, slowed, very
slow
A: retaliatory headbutt, horns 2
a: Berserk, Trog's Hand, Brothers in Arms, Renounce Religion


You were on level 3 of the Elven Halls.
You worshipped Trog.
Trog was extremely pleased with you.
You were near starving.

You visited 4 branches of the dungeon, and saw 24 of its levels.
You also visited: Ossuary, Ice Cave and Volcano.

You collected 3415 gold pieces.
You spent 945 gold pieces at shops.

Inventory:

Hand Weapons
 a - a +4 executioner's axe of chopping (weapon)
 b - a +2 battleaxe of flaming
 c - a +8 broad axe
 h - a +3 battleaxe of chopping
 n - a +6 antimagic executioner's axe
Armour
 j - the +5 ring mail "Ritheobb" {Str+5}
   (You bought it in a shop on level 2 of the Orcish Mines)

   It affects your strength (+5).
 k - a +0 pair of boots (worn)
 B - a +2 pair of gloves (worn)
 F - the +5 chain mail of the Gate {rF++ rCorr MP-9 Int-4}
   (You found it on level 7 of the Dungeon)

   It affects your intelligence (-4).
   It greatly protects you from fire.
   It affects your magic capacity (-9).
   It provides partial protection from all sources of acid and corrosion.
 H - a +2 hat of magic resistance (worn)
 R - a +1 plate armour of magic resistance (worn)
Jewellery
 m - an amulet of regeneration (around neck)
 w - the ring "Dahekuwn" {rN+ Int+8 Dex+2}
   (You took it off a deep elf high priest on level 3 of the Elven Halls)

   [ring of dexterity]

   It affects your intelligence (+8).
   It affects your dexterity (+2).
   It protects you from negative energy.
 A - an uncursed ring of protection from magic
 C - an uncursed ring of protection from cold
 E - an uncursed ring of protection from cold
 N - an uncursed ring of protection from fire
 O - an uncursed ring of stealth
 Y - a +2 ring of protection (right hand)
 Z - a ring of protection from cold (left hand)
Wands
 d - a wand of enslavement (12)
 s - a wand of paralysis (19)
 v - a wand of digging (5)
 I - a wand of polymorph (16)
 J - a wand of acid (8)
 Q - a wand of random effects (15)
 U - a wand of iceblast (39)
 X - a wand of flame (114)
Scrolls
 e - 10 scrolls of remove curse
 f - 4 scrolls of enchant weapon
 i - 2 scrolls of teleportation
 l - 5 scrolls of enchant armour
 p - 7 scrolls of identify
 r - 2 scrolls of torment
 y - 2 scrolls of fog
 G - 6 scrolls of blinking
 L - 2 scrolls of fear
Potions
 o - 6 potions of agility
 q - a potion of ambrosia {unknown}
 t - a potion of cancellation
 u - 6 potions of flight
 x - 7 potions of curing
 K - 4 potions of resistance
 M - 2 potions of lignification {unknown}
 P - 3 potions of might
 W - a potion of invisibility
Miscellaneous
 T - a phial of floods
Comestibles
 g - 39 rations


   Skills:
 - Level 15.5 Fighting
 - Level 24.1 Axes
 - Level 15.0 Armour
 - Level 15.2 Dodging
 + Level 6.5 Evocations


You had 16 spell levels left.
You didn't know any spells.
Your spell library was empty.

Dungeon Overview and Level Annotations

Branches:
Dungeon (15/15)            Temple (0/1) D:7            Lair (6/6) D:8
 Shoals (0/4) Lair:2       Spider (0/4) Lair:3        Slime (0/5) Lair:6
    Orc (2/2) D:10            Elf (3/3) Orc:2        Vaults (0/5) D:13
 Depths (0/5) D:15        Ossuary (visited)           IceCv (visited)
Volcano (visited)

Altars:
Ashenzari
Elyvilon
Fedhas
Gozag
Hepliaklqana
Kikubaaqudgha
Makhleb
Okawaru
Qazlal
Sif Muna
Trog
Uskayaw
Zin
Beogh
Jiyva

Shops:
D:8 (   D:9 [   Orc:2 =([*(   Elf:1 *   Elf:3 }*(:(

Portals:
Trove: D:11 (give +2 gold dragon scales)

Annotations:
D:8 1 runed translucent door, twoshot's ghost, novice GnWz
Elf:2 3 runed translucent doors, exclusions: deep elf mage and 3 doors


Innate Abilities, Weirdness & Mutations

You reflexively headbutt those who attack you in melee.
You have a pair of horns on your head.


Message History

The deep elf sorcerer is empowered by the deep elf high priest's aura!
The deep elf sorcerer gestures at you while chanting.
The bolt of acid hits you!
* * * LOW HITPOINT WARNING * * *
The acid corrodes you!
You are splashed with acid!
* * * LOW HITPOINT WARNING * * *
There is an open door, spattered with blood here.
Items here: )) [ †† a +0 long sword of holy wrath; a +0 ring mail; a +0 scimitar; an elf corpse x2
You feel better.
The deep elf sorcerer seems less brilliant.
The deep elf sorcerer is empowered by the deep elf high priest's aura!
As you read the scroll of teleportation, it crumbles to dust.
You feel strangely unstable. The deep elf high priest misses you.
The deep elf high priest closely misses you.
The deep elf sorcerer gestures at you while chanting.
The bolt of acid hits you!
* * * LOW HITPOINT WARNING * * *
The acid corrodes you!
You are splashed with acid!
You die...

#.# ##.## ##.....##
#'### ##.## ##.'###
(...## ##.## #..#
.....###.## ###[###
......#'## ##.#'..##
.......## #.......#
.......# #.......#
.♣.....##########.....##
.......'.......)@e....#
.......##########)....#
......## #e....# .....##
#..[..# ....## #.....#
##### ###.### ... #..}#
#...#


You could see a deep elf sorcerer and a deep elf high priest.

Vanquished Creatures
  Nikola (Elf:3)
  A deep elf blademaster (Elf:3)
  Rupert (Lair:3)
  Gastronok (D:8)
  Donald (Elf:1)
  A frost giant (IceCv)
  The ghost of bmj180 the Swashbuckler, an adept HaAs of Dithmenos (Lair:6)
  2 deep elf sorcerers
  2 orc warlords (Orc:2)
  4 deep elf elementalists
  3 deep elf demonologists (Elf:3)
  4 deep elf annihilators
  The ghost of Borgoz the Carver, a journeyman GrBe of Trog (D:12)
  Snorg (D:12)
  A deep elf death mage (Elf:1)
  A merfolk impaler (D:12)
  2 deep elf high priests (Elf:3)
  A naga warrior (D:12)
  9 hydras
  3 catoblepae (Lair:6)
  4 vault guards (D:13)
  2 ice dragons (D:15)
  A death knight (D:13)
  2 centaur warriors (D:14)
  8 two-headed ogres
  18 death yaks
  15 dancing weapons
  2 ogre magi
  3 tengu warriors
  2 orc high priests
  28 deep elf knights
  2 skeletal warriors (Volcano)
  An unseen horror (D:11)
  2 anaconda skeletons (Volcano)
  4 orc knights
  12 deep elf archers
  Pikel (D:4)
  A necromancer (Lair:2)
  7 ugly things
  3 orc sorcerers
  57 deep elf magi
  3 cyclopes
  6 manticores
  16 elephants
  An ice statue (IceCv)
  Joseph (D:10)
  5 black mambas
  4 centaur skeletons
  8 gargoyles
  10 spiny frogs
  2 efreet (D:14)
  3 rime drakes
  6 komodo dragons
  A yaktaur (shapeshifter) (D:15)
  A freezing wraith (D:15)
  A tengu conjurer (D:14)
  3 jumping spiders (Lair:3)
  5 trolls
  19 polar bears
  9 blink frogs
  3 hornets (D:12)
  2 slime creatures (D:12)
  10 hippogriffs
  A meliai zombie (D:13)
  6 dream sheep (Lair:5)
  3 air elementals
  3 redbacks (Lair:3)
  3 water elementals
  4 wraiths
  3 flying skulls (Volcano)
  3 wyverns (Lair:4)
  A shadow (D:13)
  74 yaks
  4 fire elementals
  5 basilisks
  Grum (Lair:1)
  5 vampire mosquitoes
  3 hungry ghosts
  5 wargs
  10 water moccasins
  8 porcupines
  3 sky beasts
  A hornet zombie (D:13)
  28 orc warriors
  An ice beast (D:12)
  A phantom (D:13)
  A swamp drake (D:10)
  2 black bears
  14 ogres
  28 wolves
  5 boggarts (D:14)
  19 centaurs
  10 crocodiles
  3 big kobolds
  19 bullfrogs
  2 elf zombies (Ossuary)
  5 earth elementals
  A wyvern zombie (D:8)
  3 scorpions
  A wyvern skeleton (D:13)
  4 wights (D:15)
  3 killer bees
  2 troll skeletons (Volcano)
  7 howler monkeys
  6 crimson imps
  2 bullfrog zombies
  4 centaur zombies
  2 hounds
  A human zombie (Ossuary)
  3 jellies
  16 orc priests
  5 iguanas
  21 orc wizards
  A bullfrog skeleton (D:10)
  Ijyb (D:3)
  Natasha (thrice) (D:3)
  4 polar bear simulacra (Lair:2)
  9 worker ants
  3 yak simulacra (Lair:2)
  3 wolf simulacra (Lair:2)
  A big kobold zombie (Ossuary)
  A hound zombie (D:9)
  A naga skeleton (Volcano)
  A hound skeleton (D:4)
  2 mummies (Ossuary)
  7 gnolls
  8 adders
  2 shadow imps
  12 white imps (D:13)
  An adder zombie (D:9)
  5 worms
  2 dart slugs
  A leopard gecko (D:1)
  90 orcs
  12 bats
  2 giant cockroaches
  10 goblins
  8 hobgoblins
  8 jackals
  12 kobolds
  4 quokkas
  A ball python (D:2)
  3 frilled lizards
  A goblin zombie (Ossuary)
  8 hobgoblin zombies (Ossuary)
  2 jackal zombies (Ossuary)
  9 kobold zombies (Ossuary)
  9 orc zombies (Ossuary)
  A quokka zombie (D:7)
  6 rats
  4 rat zombies (Ossuary)
  A river rat simulacrum (Lair:2)
  9 fungi
  6 plants
974 creatures vanquished.

Vanquished Creatures (collateral kills)
  A hydra (D:11)
  A deep elf mage (Elf:1)
2 creatures vanquished.

Vanquished Creatures (others)
  A deep elf knight (Elf:2)
  A deep elf archer (Elf:3)
  A yak (Lair:6)
  A slave (D:4)
  A phantom (D:4)
  2 wolves (IceCv)
  A centaur (D:15)
  A bullfrog (D:15)
  A killer bee (D:4)
  3 orcs (D:4)
  6 fungi
  10 plants
29 creatures vanquished.

Grand Total: 1005 creatures vanquished

Notes
Turn   | Place    | Note
-------+----------+-------------------------------------------
     0 | D:1      | Glalom the Minotaur Berserker began the quest for the Orb.
     0 | D:1      | Reached XP level 1. HP: 19/19 MP: 0/0
    56 | D:1      | Reached skill level 4 in Axes
   239 | D:1      | Reached XP level 2. HP: 26/26 MP: 1/1
   561 | D:1      | Reached skill level 5 in Axes
   658 | D:2      | Reached XP level 3. HP: 31/31 MP: 2/2
   899 | D:2      | Reached ** piety under Trog
   920 | D:2      | Found a faded altar of an unknown god.
  1305 | D:3      | Noticed a sky beast
  1318 | D:3      | Killed a sky beast
  1318 | D:3      | Reached skill level 7 in Axes
  1318 | D:3      | Reached XP level 4. HP: 39/39 MP: 3/3
  1318 | D:3      | Reached XP level 5. HP: 45/45 MP: 4/4
  1323 | D:3      | Noticed Natasha
  1331 | D:3      | Killed Natasha
  1724 | D:3      | Reached skill level 8 in Axes
  2042 | D:3      | Noticed Ijyb
  2048 | D:3      | Killed Ijyb
  2048 | D:3      | Reached XP level 6. HP: 51/51 MP: 5/5
  2179 | D:3      | Noticed Natasha
  2183 | D:3      | Killed Natasha
  2414 | D:3      | Noticed Natasha
  2432 | D:3      | Killed Natasha
  2526 | D:4      | Reached skill level 5 in Fighting
  2705 | D:4      | Reached *** piety under Trog
  2705 | D:4      | Reached XP level 7. HP: 52/61 MP: 6/6
  2716 | D:4      | Noticed Pikel
  2729 | D:4      | Killed Pikel
  2877 | D:4      | Reached XP level 8. HP: 68/68 MP: 7/7
  3151 | D:4      | Found a hazy altar of Hepliaklqana.
  3159 | D:4      | Found a shattered altar of Ashenzari.
  3159 | D:4      | Found a blossoming altar of Fedhas.
  3159 | D:4      | Found a white marble altar of Elyvilon.
  3163 | D:4      | Found a bloodstained altar of Trog.
  3628 | D:4      | You fall into a shaft and drop 3 floors!
  3632 | D:7      | Found a staircase to the Ecumenical Temple.
  3651 | D:7      | Reached skill level 5 in Dodging
  3753 | D:7      | Reached skill level 9 in Axes
  3968 | D:7      | Got an ichor-stained chain mail
  3969 | D:7      | Identified the +5 chain mail of the Gate {rF++ rCorr MP-9
                  | Int-4} (You found it on level 7 of the Dungeon)
  3994 | D:7      | Reached skill level 10 in Axes
  3996 | D:7      | Reached XP level 9. HP: 70/74 MP: 8/8
  3998 | D:7      | Reached skill level 11 in Axes
  4004 | D:7      | Reached **** piety under Trog
  4500 | D:7      | Found a hide-covered altar of Uskayaw.
  4512 | D:7      | Reached skill level 12 in Axes
  4711 | D:8      | Noticed Gastronok
  4735 | D:8      | Killed Gastronok
  4735 | D:8      | Reached skill level 14 in Axes
  4735 | D:8      | Reached XP level 10. HP: 78/81 MP: 0/9
  4775 | D:8      | Noticed a death yak
  4797 | D:8      | Found a sand-covered staircase.
  4801 | Ossuary  | Entered an ossuary
  4983 | Ossuary  | Reached ***** piety under Trog
  4983 | Ossuary  | Received a gift from Trog
  5209 | D:8      | Killed a death yak
  5228 | D:8      | Noticed a death yak
  5229 | D:8      | Noticed a death yak
  5230 | D:8      | Found a staircase to the Lair.
  5234 | D:8      | Killed a death yak
  5243 | D:8      | Killed a death yak
  5243 | D:8      | Reached skill level 10 in Fighting
  5547 | D:8      | Noticed a two-headed ogre
  5551 | D:8      | Killed a two-headed ogre
  5551 | D:8      | Reached XP level 11. HP: 91/102 MP: 0/10
  5571 | D:8      | Found Nithum's Weapon Shop.
  5630 | D:8      | Found a runed translucent door.
  5630 | D:8      | Noticed twoshot's ghost (novice GnWz)
  5631 | D:8      | Identified the +1 trident "Lilezon" {drain, *Drain rPois
                  | rF+ Int+5}
  5987 | D:9      | Found Geug's Antique Armour Emporium.
  6010 | D:9      | Received a gift from Trog
  6485 | D:9      | Reached skill level 15 in Axes
  6609 | D:9      | Found an iron altar of Okawaru.
  6613 | D:9      | Found an opulent altar of Gozag.
  6615 | D:9      | Found a stormy altar of Qazlal.
  7127 | D:10     | Entered Level 10 of the Dungeon
  7206 | D:10     | Noticed Joseph
  7219 | D:10     | Killed Joseph
  7449 | D:10     | Noticed a two-headed ogre
  7457 | D:10     | Killed a two-headed ogre
  7512 | D:10     | Reached skill level 16 in Axes
  7540 | D:10     | Found a staircase to the Orcish Mines.
  8165 | D:11     | Noticed a tengu warrior
  8180 | D:11     | Killed a tengu warrior
  8400 | D:11     | Received a gift from Trog
  8528 | D:11     | Noticed a four-headed hydra
  8552 | D:11     | Killed a five-headed hydra
  8718 | D:11     | Reached skill level 17 in Axes
  8897 | Lair:1   | Entered Level 1 of the Lair of Beasts
  8982 | Lair:1   | Noticed Grum
  8995 | Lair:1   | Killed Grum
  9207 | Lair:1   | Noticed a six-headed hydra
  9219 | Lair:1   | Killed a one-headed hydra
  9219 | Lair:1   | Reached XP level 12. HP: 73/110 MP: 0/11
  9735 | Lair:2   | Reached skill level 18 in Axes
 10177 | Lair:2   | Found a staircase to the Shoals.
 10458 | Lair:2   | Reached skill level 19 in Axes
 10778 | Lair:3   | Noticed Rupert
 10786 | Lair:3   | Killed Rupert
 11259 | Lair:3   | Found a hole to the Spider Nest.
 11552 | Lair:3   | Got a faintly glowing hand axe
 11553 | Lair:3   | Identified the +8 hand axe of Symmetry {antimagic, rElec
                  | rPois rF-} (You found it on level 3 of the Lair of Beasts)
 12124 | Lair:4   | Found a dark tunnel.
 12131 | Volcano  | Entered a volcano
 12138 | Volcano  | Reached XP level 13. HP: 97/116 MP: 1/12
 12208 | Volcano  | Received a gift from Trog
 12860 | Lair:4   | Reached skill level 10 in Armour
 13282 | Lair:4   | Found a burning altar of Makhleb.
 13928 | Lair:5   | Reached skill level 10 in Dodging
 14265 | Lair:5   | Received a gift from Trog
 14350 | Lair:5   | You fall into a shaft and drop 1 floor!
 14350 | Lair:6   | Entered Level 6 of the Lair of Beasts
 14372 | Lair:6   | Reached XP level 14. HP: 108/129 MP: 1/13
 15403 | Lair:6   | Reached skill level 15 in Fighting
 15601 | Lair:6   | Found a large runed translucent door.
 15601 | Lair:6   | Found a large runed translucent door.
 15605 | Lair:6   | Noticed bmj180's ghost (adept HaAs)
 15618 | Lair:6   | Killed bmj180's ghost
 15695 | Lair:6   | Found a viscous altar of Jiyva.
 15696 | Lair:6   | Found a staircase to the Slime Pits.
 15706 | Lair:6   | Reached skill level 20 in Axes
 15710 | Lair:6   | Received a gift from Trog
 16613 | Orc:1    | Entered Level 1 of the Orcish Mines
 16830 | Orc:2    | Entered Level 2 of the Orcish Mines
 16843 | Orc:2    | Noticed an orc warlord
 16847 | Orc:2    | Reached skill level 21 in Axes
 16853 | Orc:2    | Killed an orc warlord
 16923 | Orc:1    | Received a gift from Trog
 17135 | Orc:2    | Noticed an orc warlord
 17155 | Orc:2    | Killed an orc warlord
 17161 | Orc:2    | Reached XP level 15. HP: 71/141 MP: 1/14
 17898 | Orc:2    | Found Wyareodgh's Weapon Boutique.
 17990 | Orc:2    | Received a gift from Trog
 17996 | Orc:2    | Found a roughly hewn altar of Beogh.
 18009 | Orc:2    | Found Canearph's Jewellery Shop.
 18011 | Orc:2    | Reached skill level 22 in Axes
 18115 | Orc:2    | Found Hoaff's Antique Armour Shop.
 18170 | Orc:2    | Bought an amber-encrusted ring mail for 225 gold pieces
 18180 | Orc:2    | Identified the +5 ring mail "Ritheobb" {Str+5} (You bought
                  | it in a shop on level 2 of the Orcish Mines)
 18365 | Orc:2    | Found Ygriuqix's Antique Weapon Shop.
 18380 | Orc:2    | Found Muec's General Store.
 18447 | Orc:2    | Found a staircase to the Elven Halls.
 18608 | Elf:1    | Entered Level 1 of the Elven Halls
 18671 | Elf:1    | Found Cyczut's Assorted Antiques.
 18853 | Elf:1    | Noticed Donald
 18865 | Elf:1    | Killed Donald
 18974 | Elf:1    | Received a gift from Trog
 19312 | Elf:1    | HP: 1/141 [deep elf annihilator/bolt of lightning (38)]
 20606 | Elf:1    | Reached XP level 16. HP: 98/149 MP: 2/15
 20904 | Elf:1    | Received a gift from Trog
 21832 | Elf:2    | HP: 7/149 [+4 antimagic halberd (20)]
 22007 | Elf:2    | Received a gift from Trog
 22475 | Elf:2    | Found a runed translucent gate.
 22475 | Elf:2    | Found a runed translucent gate.
 22476 | Elf:2    | Found a runed translucent gate.
 22584 | Elf:2    | HP: 7/149 [deep elf archer/arrow (10)]
 23186 | D:11     | Reached skill level 15 in Armour
 23338 | D:11     | Found a portal to a secret trove of treasure.
 23892 | D:12     | Noticed Snorg
 23901 | D:12     | Killed Snorg
 23926 | D:12     | Received a gift from Trog
 24266 | D:12     | Found a runed translucent gate.
 24266 | D:12     | Found a runed translucent gate.
 24266 | D:12     | Found a runed translucent gate.
 24304 | D:12     | Noticed Borgoz's ghost (journeyman GrBe)
 24313 | D:12     | Found an iron altar of Okawaru.
 24345 | D:12     | Killed Borgoz's ghost
 24345 | D:12     | Reached skill level 15 in Dodging
 24665 | D:13     | Found a frozen archway.
 24696 | IceCv    | Entered an ice cave
 24785 | IceCv    | Identified the Handbook of Ghastly Fire
 24858 | IceCv    | Received a gift from Trog
 25414 | D:13     | Found a gate to the Vaults.
 25422 | D:13     | Reached XP level 17. HP: 156/156 MP: 7/16
 25924 | D:14     | Reached skill level 23 in Axes
 26206 | D:14     | Received a gift from Trog
 26223 | D:14     | Found an ancient bone altar of Kikubaaqudgha.
 27003 | D:15     | Entered Level 15 of the Dungeon
 27003 | D:15     | Found a glowing silver altar of Zin.
 27317 | D:15     | Found the +2 cloak of the Thief {+Fog Slay-2 SInv Stlth+}
 27319 | D:15     | Found a staircase to the Depths.
 27601 | D:15     | Received a gift from Trog
 27639 | D:15     | Upgraded the game from 0.25-a0-310-g60f0ac2d9a to
                  | 0.25-a0-316-gd28d56f9c5
 27935 | Elf:3    | Entered Level 3 of the Elven Halls
 27965 | Elf:3    | Found Zilaem's Book Shop.
 27965 | Elf:3    | Found Eddoros's Antique Weapon Shop.
 27969 | Elf:3    | Found Eguqaje's General Store.
 27969 | Elf:3    | Found Qytzuixu's Antique Weapon Shop.
 27992 | Elf:3    | Noticed Nikola
 28014 | Elf:3    | Killed Nikola
 28014 | Elf:3    | Reached skill level 24 in Axes
 28318 | Elf:3    | Found Bixouc's Gadget Shoppe.
 28331 | Elf:3    | Bought a phial of floods for 720 gold pieces
 28405 | Elf:3    | Reached skill level 1 in Evocations
 28425 | Elf:3    | HP: 3/156 [earth elemental[a deep elf elementalist] (25)]
 28716 | Elf:3    | Noticed a deep elf blademaster
 28731 | Elf:3    | Killed a deep elf blademaster
 29034 | Elf:3    | Found a shimmering blue altar of Sif Muna.
 29123 | Elf:3    | Reached skill level 5 in Evocations
 29227 | Elf:3    | Received a gift from Trog
 29359 | Elf:3    | Identified the ring "Dahekuwn" {rN+ Int+8 Dex+2}
 29380 | Elf:3    | Identified the ring "Bitzo" {*Contam +Inv EV+3 Dex+2}
 29421 | Elf:3    | Splashed by a deep elf sorcerer's acid

Levels and vault maps discovered:
D:1:      lightli_arrival_quake, layout_basic
D:2:      layout_basic, chequers_ecumenical_altar_island
D:3:      cheibrodos_old_hovel, layout_rooms, uniq_natasha, uniq_ijyb
D:4:      layout_basic, minitemple, first_ration, serial_glass, glass_columns_a,
          glass_columns_c, glass_columns_b, glass_columns_c,
          gammafunk_ghost_grave, uniq_pikel
D:7:      layout_gridville, lemuel_coloured_pillars_altar,
          minmay_temple_entry_glassed_door
D:8:      layout_loops_cross, dpeg_lair_monsters,
          nicolae_ossuary_entry_false_entrances, serial_shops,
          kennysheep_little_box, ebering_ghost_funeral_grove, uniq_gastronok
D:9:      cheibrodos_statue_roulette, layout_layer_cave,
          grunt_temple_overflow_open, serial_shops, shop_statue
D:10:     layout_cave_pools, erik_orc_1, uniq_joseph
D:11:     layout_gridville, nicolae_trove_entry_columns, grunt_tengu_nest
D:12:     layout_roguey, gammafunk_ghost_fury_of_okawaru, uniq_snorg
D:13:     layout_rooms, lightli_vaults_fourway_checkpoint,
          portal_ice_cave_entry_imps
D:14:     layout_irregular_city, lemuel_statue_altar
D:15:     grunt_enter_depths_hoard, layout_rooms, minmay_misc_feat_square,
          basic_altar, minmay_joined_circles
Lair:1:   layout_small_grid, uniq_grum
Lair:2:   layout_regular_city, shoals_dummy_entry, eino_house_with_fridge
Lair:3:   layout_long_grid, nicolae_spider_entry_tight_spaces, uniq_rupert
Lair:4:   wander_river, layout_loops_ring, nicolae_volcano_entry_two_sided,
          basic_altar, beast_lair_carwin_4
Lair:5:   layout_loops_ring, grunt_megastairs_2
Lair:6:   evilmike_catoblepas_cave, layout_regular_city, slime_altar_1,
          ebering_ghost_disaster_area, cheibrodos_lair_lostbears,
          grunt_megastairs_5, lemuel_fruit_fields
Orc:1:    layout_caves
Orc:2:    grunt_orc_cross, layout_caves, serial_shops, shop,
          elves_outpost_lemuel
Elf:1:    eino_elf_arrival_sip, layout_gridlike, serial_shops, shop,
          minmay_elf_sorcery, uniq_donald
Elf:2:    layout_gridlike, minivault_28
Elf:3:    minmay_elf_hall_not_hex, layout_geoelf_grid, serial_shops,
          nicolae_shop_stone, minmay_shop_grid_forest, lemuel_blue_sif_altar,
          uniq_nikola, uniq_aizul

Skill      XL: |  1  2  3  4  5  6  7  8  9 10 11 12 13 14 15 16 17 |
---------------+----------------------------------------------------+-----
Axes           | 4 5 7 8 10 14 17 19 21 22 24 | 24.1
Fighting       | 5 11 13 15 | 15.5
Armour         | 3 7 8 11 13 15 | 15.0
Dodging        | 5 7 10 12 15 | 15.2
Evocations     | 6 |  6.5

Action                   |  1- 3 |  4- 6 |  7- 9 | 10-12 | 13-15 | 16-18 || total
-------------------------+-------+-------+-------+-------+-------+-------++-------
Melee: Hand axe          |   104 |    63 |   162 |    75 |       |       ||   404
       Headbutt          |    19 |    13 |    40 |   113 |   142 |   156 ||   483
       War axe           |       |    47 |    33 |       |       |       ||    80
       Battleaxe         |       |       |       |   308 |    53 |    16 ||   377
       Broad axe         |       |       |       |   189 |       |       ||   189
       Halberd           |       |       |       |     1 |       |       ||     1
       Executioner's axe |       |       |       |       |   691 |   747 ||  1438
Invok: Berserk           |     3 |     2 |     2 |     4 |    11 |    13 ||    35
       Trog's Hand       |       |       |       |     2 |     5 |     5 ||    12
       Brothers in Arms  |       |       |       |     1 |     1 |       ||     2
Evoke: Wand              |       |       |       |     1 |       |       ||     1
       Phial of floods   |       |       |       |       |       |     1 ||     1
  Use: Scroll            |       |     1 |     6 |    14 |     8 |     8 ||    37
       Potion            |       |       |       |       |     4 |     5 ||     9
 Stab: Confused          |       |       |       |     3 |       |       ||     3
       Distracted        |       |       |       |       |     1 |     1 ||     2
  Eat: Chunk             |     2 |     6 |     6 |    15 |    33 |    27 ||    89
       Ration            |       |     1 |       |     6 |     2 |     5 ||    14
Armor: Animal skin       |     6 |       |       |       |       |       ||     6
       Plate armour      |    58 |    59 |    75 |       |       |    42 ||   234
       Skin              |       |       |     2 |       |       |       ||     2
       Chain mail        |       |       |    40 |   314 |   472 |   426 ||  1252
       Ring mail         |       |       |       |       |     4 |       ||     4
Dodge: Dodged            |    59 |    38 |    80 |   262 |   411 |   634 ||  1484

Table legend:
 A = Non-vault XP
 B = Vault XP
 C = Vault XP percentage of total XP
 D = Non-vault monster count
 E = Vault monster count
 F = Vault count percentage of total count
                 A         B        C        D         E       F
            +---------+---------+-------+---------+---------+-------
      Total |  156001 |  124088 |  44.3 |     632 |     330 |  34.3
            +---------+---------+-------+---------+---------+-------
        D:1 |      35 |       0 |   0.0 |      20 |       0 |   0.0
        D:2 |      57 |       0 |   0.0 |      24 |       0 |   0.0
        D:3 |     316 |      82 |  20.6 |      27 |       3 |  10.0
        D:4 |     705 |     607 |  46.3 |      30 |       1 |   3.2
        D:7 |    1851 |       0 |   0.0 |      28 |       0 |   0.0
        D:8 |    1583 |    5994 |  79.1 |      21 |       9 |  30.0
        D:9 |     770 |    1644 |  68.1 |      13 |       4 |  23.5
       D:10 |    1686 |    1067 |  38.8 |      23 |      18 |  43.9
       D:11 |    4800 |     840 |  14.9 |      29 |       1 |   3.3
       D:12 |    9054 |    5373 |  37.2 |      43 |       6 |  12.2
       D:13 |    3546 |    5757 |  61.9 |      16 |      24 |  60.0
       D:14 |   16938 |       0 |   0.0 |      51 |       0 |   0.0
       D:15 |    3081 |    6119 |  66.5 |      15 |      13 |  46.4
     Lair:1 |    2574 |     424 |  14.1 |       8 |       3 |  27.3
     Lair:2 |    5257 |     921 |  14.9 |      23 |      12 |  34.3
     Lair:3 |    2256 |    4338 |  65.8 |       8 |       7 |  46.7
     Lair:4 |   10742 |    1694 |  13.6 |      36 |       6 |  14.3
     Lair:5 |    5909 |    2554 |  30.2 |      23 |       6 |  20.7
     Lair:6 |   16758 |   16679 |  49.9 |      45 |      34 |  43.0
      Orc:1 |    2805 |       3 |   0.1 |      21 |       1 |   4.5
      Orc:2 |    3755 |   12192 |  76.5 |      30 |      39 |  56.5
      Elf:1 |   31245 |   11162 |  26.3 |      44 |      17 |  27.9
      Elf:2 |   18650 |    8952 |  32.4 |      34 |      13 |  27.7
      Elf:3 |   11628 |   20346 |  63.6 |      20 |      13 |  39.4
    Ossuary |       0 |     327 | 100.0 |       0 |      39 | 100.0
      IceCv |       0 |   12150 | 100.0 |       0 |      48 | 100.0
    Volcano |       0 |    4863 | 100.0 |       0 |      13 | 100.0
            +---------+---------+-------+---------+---------+-------
